TOP OF THE 1ST |
Mile High Broncos batting - Pitching for Texarkana Bears : RHP Jim Durham
|
Pitching: RHP Jim Durham
|
|
Batting: RHB Edward Williams
|
0-0: Called Strike 0-1: Ground out 5-3 (Groundball, 56)
|
Batting: RHB Evan Robinson
|
0-0: Ball 1-0: Called Strike 1-1: Foul Ball, location: 2F 1-2: Strikes out swinging
|
Batting: LHB Mark Everett
|
0-0: Foul Ball, location: 2F 0-1: Swinging Strike 0-2: Ball 1-2: Strikes out swinging
|
Top of the 1st over - 0 run(s), 0 hit(s), 0 error(s), 0 left on base; Mile High 0 - Texarkana 0 |
BOTTOM OF THE 1ST |
Texarkana Bears batting - Pitching for Mile High Broncos : LHP Phil Forbes
|
Pitching: LHP Phil Forbes
|
|
Batting: LHB Guy Moss
|
0-0: Ball 1-0: Ball 2-0: Ball 3-0: Called Strike 3-1: Foul Ball, location: 2F 3-2: Strikes out looking
|
Batting: RHB Keith Ford
|
0-0: Called Strike 0-1: Called Strike 0-2: Fly out, F3 (Popup, 3L)
|
Batting: RHB Michael Barraclough
|
0-0: Ball 1-0: Ball 2-0: Ball 3-0: Called Strike 3-1: Base on Balls
|
Batting: RHB Billy Campbell
|
0-0: Hit by Pitch Michael Barraclough to second
|
Batting: RHB Juan Rico
|
0-0: Called Strike 0-1: Ball 1-1: Ball 2-1: Ball 3-1: Swinging Strike 3-2: Base on Balls Michael Barraclough to third Billy Campbell to second
|
Batting: LHB Sam Barnes
|
0-0: Ball 1-0: Ball 2-0: Foul Ball, location: 2F 2-1: Foul Ball, location: 2F 2-2: Strikes out swinging
|
Bottom of the 1st over - 0 run(s), 0 hit(s), 0 error(s), 3 left on base; Mile High 0 - Texarkana 0 |
TOP OF THE 2ND |
Mile High Broncos batting - Pitching for Texarkana Bears : RHP Jim Durham
|
Batting: LHB Dave Cook
|
0-0: Fly out, F3 (Popup, 3L)
|
Batting: RHB Jeff Packard
|
0-0: Called Strike 0-1: Foul Ball, location: 2F 0-2: Ball 1-2: Foul Ball, location: 2F 1-2: Fly out, F9 (Flyball, 9S)
|
Batting: RHB António Martínez
|
0-0: Fly out, F4 (Popup, 4M)
|
Top of the 2nd over - 0 run(s), 0 hit(s), 0 error(s), 0 left on base; Mile High 0 - Texarkana 0 |
BOTTOM OF THE 2ND |
Texarkana Bears batting - Pitching for Mile High Broncos : LHP Phil Forbes
|
Batting: RHB Arturo Rodríguez
|
0-0: Called Strike 0-1: Swinging Strike 0-2: Ball 1-2: Ground out 6-3 (Groundball, 6)
|
Batting: RHB Tony Reyes
|
0-0: Ground out 5-3 (Groundball, 56)
|
Batting: RHB Steve Garneys
|
0-0: Called Strike 0-1: Fly out, F9 (Flyball, 9)
|
Bottom of the 2nd over - 0 run(s), 0 hit(s), 0 error(s), 0 left on base; Mile High 0 - Texarkana 0 |
TOP OF THE 3RD |
Mile High Broncos batting - Pitching for Texarkana Bears : RHP Jim Durham
|
Batting: LHB Jesús González
|
0-0: Ball 1-0: Ball 2-0: Called Strike 2-1: Foul Ball, location: 2F 2-2: Strikes out swinging
|
Batting: RHB John Brown
|
0-0: SINGLE (Line Drive, 78S)
|
Batting: RHB Bo Vickers
|
0-0: Ball 1-0: Called Strike 1-1: Ball 2-1: Called Strike 2-2: Strikes out looking
|
Batting: RHB Edward Williams
|
0-0: Ball 1-0: Ball 2-0: Fielders Choice at 2nd, 5-4 (Groundball, 56)
|
Top of the 3rd over - 0 run(s), 1 hit(s), 0 error(s), 0 left on base; Mile High 0 - Texarkana 0 |
BOTTOM OF THE 3RD |
Texarkana Bears batting - Pitching for Mile High Broncos : LHP Phil Forbes
|
Batting: LHB Guy Moss
|
0-0: SINGLE (Groundball, 34D)
|
Batting: RHB Keith Ford
|
0-0: Ball 1-0: Called Strike 1-1: Called Strike 1-2: Ball 2-2: Ball 3-2: Ground out 5-3 (Groundball, 56) Guy Moss to second
|
Batting: RHB Michael Barraclough
|
0-0: Called Strike 0-1: Ball 1-1: Ball 2-1: Ball 3-1: Base on Balls
|
Batting: RHB Billy Campbell
|
0-0: Ball Throwing error on steal attempt, E2 Guy Moss scores Michael Barraclough to third 1-0: Foul Ball, location: 2F 1-1: Fly out, F5 (Popup, 5L)
|
Batting: RHB Juan Rico
|
0-0: Ball 1-0: Called Strike 1-1: Fly out, F8 (Flyball, 89D)
|
Bottom of the 3rd over - 1 run(s), 1 hit(s), 1 error(s), 1 left on base; Mile High 0 - Texarkana 1 |
TOP OF THE 4TH |
Mile High Broncos batting - Pitching for Texarkana Bears : RHP Jim Durham
|
Batting: RHB Evan Robinson
|
0-0: Ball 1-0: Swinging Strike 1-1: Called Strike 1-2: Strikes out swinging
|
Batting: LHB Mark Everett
|
0-0: Foul Ball, location: 2F 0-1: Ball 1-1: Ball 2-1: Ball 3-1: Called Strike 3-2: Base on Balls
|
Batting: LHB Dave Cook
|
0-0: Ball 1-0: Swinging Strike 1-1: Foul Ball, location: 2F 1-2: Foul Ball, location: 2F 1-2: Strikes out looking
|
Batting: RHB Jeff Packard
|
0-0: Called Strike 0-1: Fly out, F9 (Flyball, 9LM)
|
Top of the 4th over - 0 run(s), 0 hit(s), 0 error(s), 1 left on base; Mile High 0 - Texarkana 1 |
BOTTOM OF THE 4TH |
Texarkana Bears batting - Pitching for Mile High Broncos : LHP Phil Forbes
|
Batting: LHB Sam Barnes
|
0-0: Foul Ball, location: 2F 0-1: Swinging Strike 0-2: Ball 1-2: Ball 2-2: Fly out, F7 (Flyball, 78D)
|
Batting: RHB Arturo Rodríguez
|
0-0: Hit by Pitch
|
Batting: RHB Tony Reyes
|
0-0: Ball 1-0: SINGLE (Flyball, 89S) Arturo Rodríguez to second
|
Batting: RHB Steve Garneys
|
0-0: DOUBLE (Groundball, 3L) Arturo Rodríguez scores Tony Reyes to third
|
Batting: LHB Guy Moss
|
0-0: Ball 1-0: Foul Ball, location: 2F 1-1: Ground out 6-3 (Groundball, 6) Tony Reyes scores Steve Garneys to third
|
Batting: RHB Keith Ford
|
0-0: Called Strike 0-1: Ball 1-1: Ball 2-1: SINGLE (Flyball, 9LS) Steve Garneys scores
|
Batting: RHB Michael Barraclough
|
0-0: Ball 1-0: Ball 2-0: Called Strike 2-1: Swinging Strike 2-2: Strikes out swinging
|
Bottom of the 4th over - 3 run(s), 3 hit(s), 0 error(s), 1 left on base; Mile High 0 - Texarkana 4 |
TOP OF THE 5TH |
Mile High Broncos batting - Pitching for Texarkana Bears : RHP Jim Durham
|
Batting: RHB António Martínez
|
0-0: SINGLE (Flyball, 89S)
|
Batting: LHB Jesús González
|
0-0: Foul Ball, location: 2F 0-1: Called Strike 0-2: Ball 1-2: Strikes out swinging
|
Batting: RHB John Brown
|
0-0: Ball 1-0: Ball 2-0: Foul Ball, location: 2F 2-1: Foul Ball, location: 2F 2-2: Ground out 4-3 (Groundball, 34) António Martínez to second
|
Batting: RHB Bo Vickers
|
0-0: Ground out 5-3 (Groundball, 56)
|
Top of the 5th over - 0 run(s), 1 hit(s), 0 error(s), 1 left on base; Mile High 0 - Texarkana 4 |
BOTTOM OF THE 5TH |
Texarkana Bears batting - Pitching for Mile High Broncos : LHP Phil Forbes
|
Batting: RHB Billy Campbell
|
0-0: Foul Ball, location: 2F 0-1: Ball 1-1: Swinging Strike 1-2: Foul Ball, location: 2F 1-2: Ball 2-2: Ball 3-2: Base on Balls
|
Batting: RHB Juan Rico
|
0-0: Foul Ball, location: 2F 0-1: Swinging Strike 0-2: Ball 1-2: Strikes out swinging
|
Batting: LHB Sam Barnes
|
0-0: Foul Ball, location: 2F 0-1: Foul Ball, location: 2F 0-2: Ball 1-2: Ball 2-2: Foul Ball, location: 2F 2-2: Fly out, F7 (Flyball, 78S)
|
Batting: RHB Arturo Rodríguez
|
0-0: Ball 1-0: Foul Ball, location: 2F 1-1: Ball 2-1: Ball 3-1: Base on Balls Billy Campbell to second
|
Batting: RHB Tony Reyes
|
0-0: Swinging Strike 0-1: Called Strike 0-2: Ball 1-2: SINGLE (Groundball, 6MD) Billy Campbell to third Arturo Rodríguez to second Runner from 3rd tries for Home, SAFE, no throw
|
Batting: RHB Steve Garneys
|
0-0: Ball 1-0: SINGLE (Groundball, 6MD) Arturo Rodríguez to third Tony Reyes to second Runner from 3rd tries for Home, SAFE, no throw
|
Pitching: RHP Brandon Mitchell
|
|
Batting: LHB Guy Moss
|
0-0: Ball 1-0: Called Strike 1-1: Ball 2-1: Ball 3-1: Called Strike 3-2: Foul Ball, location: 2F 3-2: Foul Ball, location: 2F 3-2: Foul Ball, location: 2F 3-2: Base on Balls Tony Reyes to third Steve Garneys to second
|
Batting: RHB Keith Ford
|
0-0: Called Strike 0-1: Called Strike 0-2: Ball 1-2: Strikes out swinging
|
Bottom of the 5th over - 2 run(s), 2 hit(s), 0 error(s), 3 left on base; Mile High 0 - Texarkana 6 |
TOP OF THE 6TH |
Mile High Broncos batting - Pitching for Texarkana Bears : RHP Jim Durham
|
Batting: RHB Edward Williams
|
0-0: Called Strike 0-1: Ball 1-1: Ball 2-1: DOUBLE (Line Drive, 7LM)
|
Batting: RHB Evan Robinson
|
0-0: Swinging Strike 0-1: Called Strike 0-2: Ball 1-2: SINGLE (Groundball, 56D) Edward Williams to third
|
Batting: LHB Mark Everett
|
0-0: Swinging Strike 0-1: Ball 1-1: Called Strike 1-2: Strikes out swinging
|
Batting: LHB Dave Cook
|
0-0: Called Strike 0-1: Foul Ball, location: 2F 0-2: Ball 1-2: Ball 2-2: Ball 3-2: 3-RUN HOME RUN (Flyball, 9D), Distance : 401 ft
|
Batting: RHB Jeff Packard
|
0-0: Called Strike 0-1: Called Strike 0-2: Ball 1-2: SOLO HOME RUN (Flyball, 7D), Distance : 450 ft
|
Batting: RHB António Martínez
|
0-0: Swinging Strike 0-1: Fly out, F8 (Flyball, 8LS)
|
Batting: LHB Jesús González
|
0-0: Ball 1-0: Foul Ball, location: 2F 1-1: Swinging Strike 1-2: Foul Ball, location: 2F 1-2: Foul Ball, location: 2F 1-2: Ball 2-2: Fly out, F3 (Popup, 3L)
|
Top of the 6th over - 4 run(s), 4 hit(s), 0 error(s), 0 left on base; Mile High 4 - Texarkana 6 |
BOTTOM OF THE 6TH |
Texarkana Bears batting - Pitching for Mile High Broncos : RHP Brandon Mitchell
|
Batting: RHB Michael Barraclough
|
0-0: Called Strike 0-1: Foul Ball, location: 2F 0-2: Ball 1-2: Strikes out swinging
|
Batting: RHB Billy Campbell
|
0-0: Foul Ball, location: 2F 0-1: Swinging Strike 0-2: Ball 1-2: Ground out 5-3 (Groundball, 5)
|
Batting: RHB Juan Rico
|
0-0: Ball 1-0: Called Strike 1-1: Fly out, F9 (Flyball, 9S)
|
Bottom of the 6th over - 0 run(s), 0 hit(s), 0 error(s), 0 left on base; Mile High 4 - Texarkana 6 |
TOP OF THE 7TH |
Mile High Broncos batting - Pitching for Texarkana Bears : RHP Jim Durham
|
Pitching: RHP António Ramírez
|
|
Batting: RHB John Brown
|
0-0: Swinging Strike 0-1: Swinging Strike 0-2: Foul Ball, location: 2F 0-2: Foul Ball, location: 2F 0-2: Ball 1-2: Ball 2-2: Foul Ball, location: 2F 2-2: Foul Ball, location: 2F 2-2: Fly out, F3 (Popup, 3)
|
Batting: RHB Bo Vickers
|
0-0: Fly out, F6 (Flyball, 56D)
|
Batting: RHB Edward Williams
|
0-0: Ball 1-0: Called Strike 1-1: Fly out, F7 (Line Drive, 7)
|
Top of the 7th over - 0 run(s), 0 hit(s), 0 error(s), 0 left on base; Mile High 4 - Texarkana 6 |
BOTTOM OF THE 7TH |
Texarkana Bears batting - Pitching for Mile High Broncos : RHP Brandon Mitchell
|
Batting: LHB Sam Barnes
|
0-0: Called Strike 0-1: Called Strike 0-2: DOUBLE (Flyball, 89XD)
|
Batting: RHB Arturo Rodríguez
|
0-0: Called Strike 0-1: Swinging Strike 0-2: Strikes out swinging
|
Batting: RHB Tony Reyes
|
0-0: Intentional Walk
|
Pitching: RHP David Bailey
|
|
Pinch Hitting: RHB Gilberto López
|
0-0: Called Strike Sam Barnes steals 3rd base Tony Reyes to second 0-1: Foul Ball, location: 2F 0-2: Foul Ball, location: 2F 0-2: Ball 1-2: Ball 2-2: Ground out 6-3 (Groundball, 6)
|
Batting: LHB Guy Moss
|
0-0: Called Strike 0-1: Called Strike 0-2: Strikes out swinging
|
Bottom of the 7th over - 0 run(s), 1 hit(s), 0 error(s), 2 left on base; Mile High 4 - Texarkana 6 |
TOP OF THE 8TH |
Mile High Broncos batting - Pitching for Texarkana Bears : RHP António Ramírez
|
Now at SS: Kun Liu
|
|
Batting: RHB Evan Robinson
|
0-0: Foul Ball, location: 2F 0-1: SINGLE (Groundball, 6MD)
|
Pitching: RHP Kosami Tagawa
|
|
Batting: LHB Mark Everett
|
0-0: Called Strike 0-1: Foul Ball, location: 2F 0-2: Ball 1-2: Ball 2-2: Strikes out swinging
|
Batting: LHB Dave Cook
|
0-0: Foul Ball, location: 2F 0-1: Called Strike 0-2: Ball 1-2: Ball 2-2: Ball 3-2: Fly out, F7 (Flyball, 7S)
|
Pitching: RHP Jesús Sosa
|
|
Batting: RHB Jeff Packard
|
0-0: Called Strike 0-1: Ball 1-1: Ball 2-1: Hit by Pitch Evan Robinson to second
|
Batting: RHB António Martínez
|
0-0: Ball 1-0: Called Strike 1-1: Called Strike 1-2: Strikes out swinging
|
Top of the 8th over - 0 run(s), 1 hit(s), 0 error(s), 2 left on base; Mile High 4 - Texarkana 6 |
BOTTOM OF THE 8TH |
Texarkana Bears batting - Pitching for Mile High Broncos : RHP David Bailey
|
Batting: RHB Keith Ford
|
0-0: Called Strike 0-1: Ball 1-1: Ball 2-1: SINGLE (Line Drive, 34)
|
Batting: RHB Michael Barraclough
|
0-0: Called Strike 0-1: Foul Ball, location: 2F 0-2: Ball 1-2: Strikes out swinging
|
Batting: RHB Billy Campbell
|
0-0: Called Strike 0-1: Swinging Strike 0-2: Ball 1-2: Strikes out swinging
|
Batting: RHB Juan Rico
|
0-0: Ball 1-0: Foul Ball, location: 2F 1-1: Foul Ball, location: 2F 1-2: Ball 2-2: DOUBLE (Groundball, 3L) Keith Ford to third
|
Batting: LHB Sam Barnes
|
0-0: Ball 1-0: Ball 2-0: Ball 3-0: Called Strike 3-1: Called Strike 3-2: Strikes out swinging
|
Bottom of the 8th over - 0 run(s), 2 hit(s), 0 error(s), 2 left on base; Mile High 4 - Texarkana 6 |
TOP OF THE 9TH |
Mile High Broncos batting - Pitching for Texarkana Bears : RHP Jesús Sosa
|
Pitching: RHP Asher Zasko
|
|
Batting: LHB Jesús González
|
0-0: Ball 1-0: DOUBLE (Flyball, 89D)
|
Pinch Hitting: LHB Tony Báez
|
0-0: Called Strike 0-1: Ball 1-1: Ball 2-1: Ball 3-1: Base on Balls
|
Pinch Hitting: RHB Rodney González
|
0-0: Bunt missed! 0-1: Sac Bunt - play at first, batter OUT! 1-4 Jesús González to third Tony Báez to second
|
Batting: RHB Edward Williams
|
0-0: Foul Ball, location: 2F 0-1: Ball 1-1: SINGLE (Groundball, 5D) Jesús González scores Tony Báez to third Runner from 3rd tries for Home, SAFE, throw made home Edward Williams to second
|
Batting: RHB Evan Robinson
|
0-0: Ball 1-0: Fly out, F8 (Flyball, 8RM)
|
Batting: LHB Mark Everett
|
0-0: Called Strike 0-1: Foul Ball, location: 2F 0-2: Ball 1-2: SINGLE (Flyball, 78S) Edward Williams to third Runner from 3rd tries for Home, SAFE, no throw
|
Pitching: RHP Ralph Willaims
|
|
Batting: LHB Dave Cook
|
0-0: Foul Ball, location: 2F 0-1: Foul Ball, location: 2F 0-2: Fielders Choice at 2nd, 4-6 (Groundball, 34)
|
Top of the 9th over - 3 run(s), 3 hit(s), 0 error(s), 0 left on base; Mile High 7 - Texarkana 6 |
BOTTOM OF THE 9TH |
Texarkana Bears batting - Pitching for Mile High Broncos : RHP David Bailey
|
Now at 2B: Rodney González
|
|
Now at 3B: Enrique Bermúdez
|
|
Now at SS: Luis Alvarado
|
|
Now in CF: José Darias
|
|
Batting: RHB Arturo Rodríguez
|
0-0: Ground out 5-3 (Groundball, 56S)
|
Pinch Hitting: LHB Tom Mullins
|
0-0: Ball 1-0: Called Strike 1-1: Ground out U3 (Groundball, 34)
|
Batting: RHB Kun Liu
|
0-0: Ground out 4-3 (Groundball, 4)
|
Bottom of the 9th over - 0 run(s), 0 hit(s), 0 error(s), 0 left on base; Mile High 7 - Texarkana 6 |
|